Map: Abyssal Reef LE

Players

Winthrowe

  • Race: Zerg Zerg
  • Spawn Location: 11:00

Nikitta - Winner!

  • Race: Protoss Protoss
  • Spawn Location: 5:00

VOD

Have the link to the VOD?

Description

Time

  • Played on: Aug. 17, 2017, 3:30 p.m.
  • Length: 10:50
Show
View Real Time Build Order
Export as new Build Order

Winthrowe Zerg 

Build Orders: Pool First 

Get SALT Encoding   

  12  0:04  Drone  
  13  0:10  Drone  
  14  0:32  Spawning Pool  
  14  0:35  Overlord  
  13  0:39  Drone  
  14  0:56  Drone  
  15  0:57  Drone  
  15  1:01  Extractor  
  15  1:05  Drone  
  16  1:27  Hatchery  
  16  1:29  Drone  
  16  1:31  Drone x2  
  18  1:41  Queen  
  20  1:52  Drone  
  21  1:58  Drone  
  22  2:13  Overlord  
  22  2:16  Overlord  
  22  2:38  Drone x2  
  24  2:50  Drone x2  
  26  2:52  Queen  
  28  3:10  Drone x4  
  32  3:18  Extractor  
  31  3:27  Queen  
  31  3:28  Drone x2  
  31  3:29  Drone x2  
  31  3:31  Extractor  
  31  3:32  Extractor  
  35  3:40  Drone  
  35  3:41  Drone  
  37  3:46  Overlord  
  37  4:00  Drone x2  
  39  4:30  Hatchery  
  38  4:33  Hatchery  
  38  4:34  Hatchery  
  36  4:40  Hatchery  
  35  4:46  Evolution Chamber  
  34  4:53  Evolution Chamber  
  34  4:55  Drone x4  
  34  4:56  Drone x3  
  40  5:35  Zergling x2  
  40  5:36  Zergling x10  
  46  5:48  Zerg Melee Weapons Level 1  
  46  5:50  Zerg Ground Armor Level 1  
  46  5:54  Lair  
  46  6:13  Zergling x32  
  46  6:14  Zergling x2  
  57  7:19  Overlord x2  
  57  7:20  Overlord x2  
  57  7:21  Overlord  
  57  7:36  Zergling x12  
  57  7:37  Zergling x20  
  73  7:45  Zerg Melee Weapons Level 2  
  73  7:46  Zerg Ground Armor Level 2  
  59  8:53  Roach Warren  
  58  8:58  Hydralisk Den  
  57  9:04  Zergling x2  
  57  9:05  Zergling x34  
Show
View Real Time Build Order
Export as new Build Order

Nikitta Protoss - Winner!

Build Orders:  

Get SALT Encoding   

  12  0:06  Probe (Chrono Boost)  
  13  0:25  Assimilator  
  13  0:55  Pylon  
  13  1:00  Probe (Chrono Boost)  
  14  1:11  Probe (Chrono Boost)  
  15  1:21  Probe (Chrono Boost)  
  15  1:25  Pylon  
  16  1:35  Assimilator  
  16  1:52  Gateway  
  16  2:03  Probe (Chrono Boost)  
  17  2:14  Probe (Chrono Boost)  
  18  2:50  Forge  
  18  3:11  Probe (Chrono Boost)  
  19  3:22  Zealot  
  21  3:39  Nexus  
  21  3:48  Protoss Ground Weapons Level 1  
  21  3:49  Zealot  
  23  4:02  Pylon  
  23  4:16  Zealot  
  25  4:35  Cybernetics Core  
  25  4:43  Zealot  
  27  5:09  Pylon  
  27  5:10  Zealot  
  29  5:17  Photon Cannon  
  29  5:24  Mothership Core (Chrono Boost)  
  32  5:43  Probe (Chrono Boost)  
  32  5:49  Protoss Air Weapons Level 1  
  32  6:02  Probe (Chrono Boost)  
  33  6:13  Probe (Chrono Boost)  
  33  6:16  Pylon  
  34  6:23  Probe (Chrono Boost)  
  35  6:34  Probe (Chrono Boost)  
  36  6:44  Probe (Chrono Boost)  
  37  7:31  Pylon  
  37  7:35  Stalker  
  39  7:59  Gateway  
  39  8:05  Stalker  
  29  8:35  Stalker  
  31  8:51  Adept  
  33  9:05  Stalker  
  35  9:18  Adept  
  37  9:34  Stalker  
  39  9:45  Adept  
  39  10:04  Stalker  
Tags
 
Matchup
PvZ
Opening
Pool First
Spawn Locations
Cross Positions
Add a new tag
Caveats
  • Supply blocks, unpowered buildings, or Contaminate may cause inaccurate times.
  • Supply counts are checked every 10 seconds.